 Dungeon Crawl Stone Soup version 0.20.1-1-g8b1a95d (webtiles) character file.

1703 Anon1729 the Chiller (level 9, -7/51 HPs)
             Began as a Barachi Ice Elementalist on Dec 13, 2017.
             Hit by a stone thrown by an orc warrior (17 damage)
             ... on level 7 of the Dungeon.
             The game lasted 00:25:55 (7794 turns).

Anon1729 the Chiller (Barachi Ice Elementalist)     Turns: 7794, Time: 00:25:56

Health: -7/51      AC:  4    Str:  9    XL:     9   Next: 3%
Magic:  1/18       EV: 13    Int: 23    God:
Gold:   192        SH:  0    Dex: 12    Spells: 2/20 levels left

rFire    . . .     SeeInvis .   N - +9 falchion of Tikhat {flame, rC+}
rCold    + . .     Gourm    .   (no shield)
rNeg     . . .     Faith    .   a - +0 robe
rPois    .         Spirit   .   L - +0 helmet of Duliro {Str+2}
rElec    .         Reflect  .   (no cloak)
rCorr    .         Harm     .   k - +0 pair of gloves
MR       .....                  (no boots)
Stlth    ++........             (no amulet)
Regen    0.2/turn               (no ring)
MPRegen  0.2/turn               E - +3 ring of intelligence

@: very slightly contaminated, slow
A: +LOS, swims, frail 1, slowness 1, weak 1, subdued magic 1, strong legs 1
a: Hop


You were on level 7 of the Dungeon.
You were very hungry.

You visited 1 branch of the dungeon, and saw 7 of its levels.

You collected 400 gold pieces.
You spent 208 gold pieces at shops.

Inventory:

Hand Weapons
 f - a +0 dagger
 B - a +1 spear of freezing
 N - the +9 falchion of Tikhat (weapon) {flame, rC+}
   (You bought it in a shop on level 6 of the Dungeon)

   It has been specially enchanted to burn those struck by it, causing extra
   injury to most foes and up to half again as much damage against particularly
   susceptible opponents.
   Big, fiery blades are also staple armaments of hydra-hunters.
   It protects you from cold.
Missiles
 y - a throwing net (quivered)
Armour
 a - a +0 robe (worn)
 k - a +0 pair of gloves (worn)
 s - a +1 hat
 D - +0 shadow dragon scales
 L - the +0 helmet of Duliro (worn) {Str+2}
   (You found it on level 4 of the Dungeon)

   It affects your strength (+2).
Jewellery
 E - a +3 ring of intelligence (right hand)
Wands
 H - a wand of polymorph (6/24)
 J - a wand of iceblast (12/15)
Scrolls
 d - 6 scrolls of enchant weapon
 i - a scroll of remove curse
 j - 2 scrolls of magic mapping
 l - a scroll of blinking
 m - a scroll of immolation
 o - 8 scrolls of teleportation
 p - 3 scrolls of fear
 t - a scroll of recharging
 K - a scroll of enchant armour {unknown}
Potions
 e - a potion of ambrosia {unknown}
 n - a potion of haste {unknown}
 r - 2 potions of curing {unknown}
 u - a potion of brilliance {unknown}
 x - a potion of lignification {unknown}
 z - a potion of might {unknown}
 F - a potion of mutation {unknown}
Books
 b - a book of Frost

   Spells                             Type                      Level
   a - Freeze                         Ice                          1
   b - Throw Frost                    Conjuration/Ice              2
   c - Ozocubu's Armour               Charms/Ice                   3
   d - Throw Icicle                   Conjuration/Ice              4
   e - Summon Ice Beast               Ice/Summoning                4
 v - a book of Misfortune

   Spells                             Type                      Level
   a - Confusing Touch                Hexes                        1
   b - Confuse                        Hexes                        3
   c - Gell's Gravitas                Translocation                3
   d - Petrify                        Transmutation/Earth          4
   e - Metabolic Englaciation         Hexes/Ice                    5
   f - Yara's Violent Unravelling     Hexes/Transmutation          5
 w - a book of Cantrips

   Spells                             Type                      Level
   a - Confusing Touch                Hexes                        1
   b - Animate Skeleton               Necromancy                   1
   c - Summon Small Mammal            Summoning                    1
   d - Apportation                    Translocation                1
 A - a book of Callings

   Spells                             Type                      Level
   a - Summon Small Mammal            Summoning                    1
   b - Call Imp                       Summoning                    2
   c - Call Canine Familiar           Summoning                    3
   d - Summon Guardian Golem          Hexes/Summoning              3
   e - Summon Lightning Spire         Summoning/Air                4
   f - Summon Ice Beast               Ice/Summoning                4
 I - a book of Maledictions

   Spells                             Type                      Level
   a - Corona                         Hexes                        1
   b - Ensorcelled Hibernation        Hexes/Ice                    2
   c - Confuse                        Hexes                        3
   d - Tukima's Dance                 Hexes                        3
   e - Dazzling Spray                 Conjuration/Hexes            3
Comestibles
 c - 5 bread rations
 g - 3 fruits
 h - a chunk of flesh
 q - 2 royal jellies
 C - 5 meat rations


   Skills:
 + Level 1.6 Long Blades
 - Level 3.1 Dodging
 - Level 3.0 Stealth
 * Level 6.0 Spellcasting
 + Level 4.0 Conjurations
 + Level 3.2 Charms
 * Level 5.9 Summonings
 * Level 7.4 Ice Magic
 + Level 0.0 Air Magic


You had 2 spell levels left.
You knew the following spells:

 Your Spells              Type           Power        Failure   Level  Hunger
a - Freeze                Ice            ####         1%          1    None
b - Throw Frost           Conj/Ice       ####..       1%          2    None
c - Ozocubu's Armour      Chrm/Ice       ###.....     1%          3    #......
d - Summon Ice Beast      Ice/Summ       ####....     4%          4    ###....
e - Throw Icicle          Conj/Ice       ####....     6%          4    ###....
f - Summon Lightning Spi  Summ/Air       ###.....     21%         4    ###....


Dungeon Overview and Level Annotations

Branches:
Dungeon (7/15)
 Temple: D:4-7

Altars:
Elyvilon
Gozag
Xom

Shops:
D:6 %((([


Innate Abilities, Weirdness & Mutations

Shadows flee at your approach. (+LOS)
You can swim through water.
You cover ground slowly.
You can hop short distances.
You are frail. (-10% HP)
You are weak. (Str -2)
Your spells are a little easier to cast, but a little less powerful.


Message History

The stone hits your lightning spire but does no damage.
The orc warrior hits your lightning spire but does no damage.
The orc warrior hits your lightning spire with a dire flail.
Your lightning spire is destroyed!
Casting: Summon Lightning Spire
Confirm with . or Enter, or press ? or * to list all spells.
Aiming: Throw Frost
Press: ? - help, Shift-Dir - straight line, f/p - orc warrior
Aim: an orc warrior, wielding a dire flail and wearing a plate armour (almost dead, hasn't noticed you)
The puff of frost hits the orc warrior.
The orc warrior appears unharmed.
The orc warrior is almost dead.
The orc warrior shouts!
The orc warrior throws a stone.
The stone hits you!
Unknown command.
The orc warrior throws a stone.
The stone hits you!
* * * LOW HITPOINT WARNING * * *
You see here a stone.
The orc warrior throws a stone.
The stone misses you.
The orc warrior throws a stone.
The stone hits you!
You die...

.. #.. ###
###..#####################
#..
..........((..((o....((o((
#.#
##.####.@################
#.# #.....#...## # ###.#
##.........#
....#######.........####
........................
....####...............#
....# ####.........##.#
###.# ######.....#... #.#
#.##......


You could see an orc warrior.

Vanquished Creatures
  A black bear (D:6)
  A phantom (D:6)
  3 sky beasts
  An ogre (D:7)
  2 centaurs (D:5)
  A bullfrog (D:6)
  2 scorpions
  2 howler monkeys
  A gnoll shaman (D:3)
  2 hounds
  3 orc wizards (D:6)
  An iguana (D:7)
  Ijyb (D:5)
  5 worker ants
  10 adders
  13 gnolls
  A shadow imp (D:6)
  An ooze (D:3)
  2 adder skeletons (D:6)
  An adder zombie (D:7)
  4 worms
  4 leopard geckos
  5 orcs
  A ball python (D:3)
  8 bats
  4 giant cockroaches
  9 goblins
  7 hobgoblins
  5 jackals
  4 frilled lizards
  8 kobolds
  8 rats
121 creatures vanquished.

Vanquished Creatures (collateral kills)
  2 phantoms
  3 orcs (D:7)
5 creatures vanquished.

Grand Total: 126 creatures vanquished

Notes
Turn   | Place    | Note
-------+----------+-------------------------------------------
     0 | D:1      | Anon1729 the Barachi Ice Elementalist began the quest for the Orb.
     0 | D:1      | Reached XP level 1. HP: 13/13 MP: 3/3
   351 | D:1      | Reached XP level 2. HP: 19/19 MP: 1/5
   366 | D:1      | Learned a level 2 spell: Throw Frost
   380 | D:1      | Reached skill level 4 in Ice Magic
   479 | D:1      | Reached XP level 3. HP: 24/24 MP: 2/6
  1081 | D:2      | Learned a level 3 spell: Ozocubu's Armour
  1465 | D:2      | Reached XP level 4. HP: 27/30 MP: 4/8
  2220 | D:3      | Reached XP level 5. HP: 35/35 MP: 9/9
  2226 | D:3      | Learned a level 4 spell: Summon Ice Beast
  2572 | D:3      | Reached skill level 1 in Summonings
  2728 | D:3      | Reached XP level 6. HP: 30/41 MP: 7/11
  3242 | D:4      | Found a shimmering altar of Xom.
  3243 | D:4      | Found a white marble altar of Elyvilon.
  3736 | D:4      | Reached skill level 5 in Ice Magic
  3786 | D:4      | Reached skill level 1 in Charms
  4159 | D:4      | Noticed a phantom
  4262 | D:4      | Killed a phantom
  4448 | D:4      | Reached XP level 7. HP: 34/46 MP: 9/13
  4531 | D:4      | Learned a level 4 spell: Throw Icicle
  4758 | D:4      | Found an opulent altar of Gozag.
  4947 | D:5      | Entered Level 5 of the Dungeon
  5247 | D:5      | Noticed Ijyb
  5281 | D:5      | Killed Ijyb
  5808 | D:5      | Reached skill level 6 in Ice Magic
  5808 | D:5      | Reached XP level 8. HP: 34/52 MP: 8/15
  6155 | D:4      | Reached skill level 5 in Spellcasting
  6158 | D:4      | Got a brightly glowing helmet
  6169 | D:4      | Identified the +0 helmet of Duliro {Str+2} (You found it on level 4 of the Dungeon)
  6410 | D:6      | Found Udiv's Weapon Shoppe.
  6421 | D:6      | Found Syryxt's Antique Weapon Shop.
  6425 | D:6      | Bought a polished falchion for 208 gold pieces
  6425 | D:6      | Identified the +9 falchion of Tikhat {flame, rC+} (You bought it in a shop on level 6 of the Dungeon)
  6613 | D:6      | Found Cozxeq's Food Emporium.
  6843 | D:6      | Reached skill level 5 in Summonings
  6940 | D:6      | Reached skill level 1 in Long Blades
  6947 | D:6      | Reached skill level 7 in Ice Magic
  7089 | D:6      | Found Xyagruygywk's Weapon Boutique.
  7227 | D:6      | Found Qoax's Armour Emporium.
  7396 | D:7      | Gained mutation: You are frail. (-10% HP) [mutagenic meat]
  7398 | D:7      | Gained mutation: You are weak. (Str -2) [mutagenic meat]
  7399 | D:7      | Gained mutation: Your spells are a little easier to cast, but a little less powerful. [mutagenic meat]
  7401 | D:7      | Lost mutation: You are frail. (-10% HP) [mutagenic meat]
  7402 | D:7      | Gained mutation: You are frail. (-10% HP) [mutagenic meat]
  7448 | D:7      | Learned a level 4 spell: Summon Lightning Spire
  7561 | D:7      | Reached XP level 9. HP: 37/51 MP: 14/17
  7794 | D:7      | Hit by a stone thrown by an orc warrior

Skill      XL: |  1  2  3  4  5  6  7  8  9 |
---------------+----------------------------+-----
Ice Magic      | 4 5 6 7 |  7.4
Stealth        | 2 3 |  3.0
Conjurations   | 2 3 4 |  4.0
Spellcasting   | 3 4 5 6 |  6.0
Summonings     | 1 2 4 5 |  5.9
Dodging        | 3 |  3.1
Charms         | 1 2 3 |  3.2
Long Blades    | 1 |  1.6

Action                   |  1- 3 |  4- 6 |  7- 9 || total
-------------------------+-------+-------+-------++-------
Melee: Dagger            |    89 |   107 |     8 ||   204
       Unarmed           |     2 |       |    19 ||    21
       Long sword        |       |       |     4 ||     4
       Falchion          |       |       |    39 ||    39
 Cast: Freeze            |    23 |    91 |    56 ||   170
       Throw Frost       |     2 |    12 |    11 ||    25
       Ozocubu's Armour  |       |     2 |     4 ||     6
       Summon Ice Beast  |       |     5 |     7 ||    12
       Summon Lightning  |       |       |     1 ||     1
 Abil: Hop               |       |     2 |       ||     2
  Use: Scroll            |       |       |    11 ||    11
 Stab: Sleeping          |     4 |     4 |     5 ||    13
  Eat: Chunk             |     2 |    10 |    18 ||    30
       Fruit             |       |     1 |     2 ||     3
Armor: Robe              |    18 |    28 |    27 ||    73
Dodge: Dodged            |    79 |   110 |    80 ||   269
       Rpst.: Long sword |       |       |     1 ||     1
       Falchion          |       |       |     8 ||     8
